 Dungeon Crawl Stone Soup version 0.28.0-45-g0d030f2227 (webtiles) character file.

Game seed: 18376047174585054693

265 101zpm the Chiller (level 5, -4/39 HPs)
             Began as a Draconian Ice Elementalist on Apr 18, 2022.
             Slain by an ogre
             ... wielding a +0 giant club
              (19 damage)
             ... on level 4 of the Dungeon.
             The game lasted 00:04:37 (1257 turns).

101zpm the Chiller (Draconian Ice Elementalist)     Turns: 1257, Time: 00:04:38

Health: -4/39      AC:  6    Str: 16    XL:     5   Next: 99%
Magic:  3/9        EV: 12    Int: 18    God:
Gold:   51         SH:  0    Dex: 11    Spells: 5/9 levels left

rFire   . . .      SeeInvis .   g - +0 war axe
rCold   . . .      Faith    .   (no shield)
rNeg    + . .      Spirit   .   (armour unavailable)
rPois   .          Reflect  .   (helmet restricted)
rElec   .          Harm     .   f - +0 cloak
rCorr   .          Rampage  .   (no gloves)
Will    .....                   (no boots)
Stlth   ++........              (no amulet)
HPRegen 0.13/turn               d - ring "Oneumm" {rN+ Str+6}
MPRegen 0.11/turn               (no ring)

@: no status effects
A: AC +5, unfitting armour, cold-blooded
a: no special abilities


You were on level 4 of the Dungeon.
You visited 1 branch of the dungeon, and saw 5 of its levels.

You collected 51 gold pieces.

Inventory:

Hand Weapons
 b - a +0 dagger
 g - a +0 war axe (weapon)
Armour
 f - a +0 cloak (worn)
Jewellery
 d - the ring "Oneumm" (left hand) {rN+ Str+6}
   (You found it on level 4 of the Dungeon)

   [ring of strength]

   Str:       It affects your strength (+6).
   rN:        It protects you from negative energy.
Scrolls
 a - a scroll of blinking {unknown}
 c - 4 scrolls of identify {unknown}
Potions
 e - a potion of haste {unknown}


   Skills:
 + Level 0.5 Fighting
 + Level 1.5 Short Blades
 + Level 0.1 Axes
 + Level 2.4 Dodging
 + Level 2.3 Stealth
 + Level 2.9 Spellcasting
 + Level 5.9 Ice Magic


You had 5 spell levels left.
You knew the following spells:

 Your Spells              Type           Power      Damage    Failure   Level
a - Freeze                Ice            96%        1d11      1%          1
b - Frozen Ramparts       Ice            48%        1d6       4%          3

Your spell library contained the following spells:

 Spells                   Type           Power      Damage    Failure   Level
 Ozocubu's Armour         Ice            24%        N/A       4%          3
 Hailstorm                Conj/Ice       13%        3d5       43%         4


Dungeon Overview and Level Annotations

Branches:
Dungeon (5/15)
 Temple: D:4-7

Altars:


Innate Abilities, Weirdness & Mutations

Your plain brown scales are hard. (AC +5)
You cannot fit into any form of body armour.
You are cold-blooded and may be slowed by cold attacks.


Message History

Found a short sword.
You see here the +6 scale mail "Ohul" {*Slow rPois MP+9 Str-3}.
A giant cockroach comes into view.
An ogre comes into view. It is wielding a +0 giant spiked club.
An ogre comes into view. It is wielding a +0 giant club.
Casting: Freeze (safe; 1% risk of failure)
Confirm with . or Enter, or press ? or * to list all spells.
Casting: Frozen Ramparts (dangerous; 4% risk of failure)
Press: ? - help, Dir - look around, f - activate The walls around you are covered in ice.
The ogre shouts!
The wall freezes the giant cockroach.
You slash the giant cockroach!
You kill the giant cockroach!
The wall freezes the ogre.
You slash the ogre!
The ogre is heavily wounded.
The wall freezes the ogre.
The ogre hits you with a +0 giant spiked club!!
Ouch! That really hurt!
Aiming: Freeze (safe; 1% risk of failure)
Press: ? - help, Q - select action, (/) - cycle Shift-Dir - straight line, f - ogre
Aim: an ogre, wielding a +0 giant spiked club (heavily wounded)
You freeze the ogre.
The ogre is severely wounded.
The wall freezes the ogre.
The ogre misses you.
Aiming: Freeze (safe; 1% risk of failure)
Press: ? - help, Q - select action, (/) - cycle Shift-Dir - straight line, f/p - ogre
Aim: an ogre, wielding a +0 giant spiked club (almost dead)
You freeze the ogre!
You kill the ogre!
The wall freezes the ogre!
Aiming: Freeze (safe; 1% risk of failure)
Press: ? - help, Q - select action, (/) - cycle Shift-Dir - straight line, f - ogre
Aim: an ogre, wielding a +0 giant club (moderately wounded)
You freeze the ogre!
The ogre is heavily wounded.
The frozen ramparts melt away.
The ogre hits you with a +0 giant club!!
You die...

## ##.. ... #)#
#.####
#######....#
.#........#.#
......#.....##
#..)@.##[.#
......O#####.###
.##.#.. #...# #.
#.. ###.## ...
#..## ....
##..#######
..... ##.....#..
......
$######.......
....^.........


You could see an ogre.

Vanquished Creatures
  An ogre (D:4)
  3 killer bees (D:5)
  A hound (D:5)
  A dart slug (D:4)
  An orc (D:5)
  A bat (D:1)
  An endoplasm (D:1)
  A giant cockroach (D:4)
  A goblin (D:4)
  A hobgoblin (D:1)
  3 ball pythons
  2 kobolds (D:1)
  3 rats
20 creatures vanquished.

Notes
Turn   | Place    | Note
-------+----------+-------------------------------------------
     0 | D:1      | 101zpm the Draconian Ice Elementalist began the quest for
                  | the Orb.
     0 | D:1      | Reached XP level 1. HP: 14/14 MP: 3/3
   402 | D:1      | Reached XP level 2. HP: 7/20 MP: 5/5
   880 | D:4      | Identified the ring "Oneumm" {rN+ Str+6}
   932 | D:5      | Entered Level 5 of the Dungeon
   969 | D:5      | Noticed an ogre
   982 | D:5      | Reached XP level 3. HP: 23/26 MP: 0/6
   986 | D:5      | Learned a level 3 spell: Frozen Ramparts
  1097 | D:5      | Noticed a killer bee
  1097 | D:5      | Noticed a killer bee
  1100 | D:5      | Noticed a killer bee
  1100 | D:5      | Killed a killer bee
  1101 | D:5      | Reached skill level 5 in Ice Magic
  1101 | D:5      | Reached XP level 4. HP: 33/33 MP: 2/7
  1105 | D:5      | Reached skill level 1 in Short Blades
  1108 | D:5      | Reached XP level 5. HP: 25/39 MP: 0/8
  1191 | D:5      | Noticed an ogre
  1244 | D:4      | Identified the +6 scale mail "Ohul" {*Slow rPois MP+9
                  | Str-3}
  1247 | D:4      | Noticed an ogre
  1249 | D:4      | Noticed an ogre
  1256 | D:4      | Killed an ogre
  1257 | D:4      | Slain by an ogre

Illustrated notes

Levels and vault maps discovered:
D:1:      lightli_arrival_statuegarden, layout_basic
D:2:      layout_basic, chequers_ecumenical_altar_simple_redux, basic_altar
D:3:      layout_rooms, mainiacjoe_overflow_alcove_2, serial_shops,
          shop_fountains
D:4:      layout_rooms, minmay_temple_entry_statues_fountains
D:5:      layout_loops_corners, hangedman_abyss_or_decor_stabs

Skill      XL: |  1  2  3  4 |
---------------+-------------+-----
Stealth        | 2 |  2.3
Dodging        | 2 |  2.4
Ice Magic      | 5 |  5.9
Short Blades   | 1 |  1.5
Fighting       | |  0.5
Axes           | |  0.1
Spellcasting   | |  2.9

Action                   |  1- 3 |  4- 6 || total
-------------------------+-------+-------++-------
Melee: Dagger            |    40 |       ||    40
       Tailslap          |     5 |       ||     5
       Unarmed           |     3 |       ||     3
       Punch             |     1 |       ||     1
       War axe           |       |     4 ||     4
 Cast: Freeze            |     6 |     6 ||    12
       Frozen Ramparts   |     2 |     1 ||     3
 Stab: Distracted        |     1 |       ||     1
Armor: Skin              |    12 |     2 ||    14
Dodge: Dodged            |    26 |     5 ||    31
